 Dungeon Sprint DCSS version 0.26-a0-667-g92642533e4 (webtiles) character file.

Game seed: 7152479121025628158

154 mhtbhm the Geomancer (level 5, -4/28 HPs)
             Began as a Deep Elf Earth Elementalist on Oct 18, 2020.
             Was an Initiate of Vehumet.
             Slain by a two-headed ogre
             ... wielding a cursed +0 giant club
              (20 damage)
             ... in the Dungeon (Sprint IX: "|||||||||||||||||||||||||||||").
             The game lasted 00:00:56 (274 turns).

mhtbhm the Geomancer (Deep Elf Earth Elementalist)   Turns: 274, Time: 00:00:56

Health: -4/28      AC:  6    Str:  8    XL:     5   Next: 13%
Magic:  11/17      EV: 15    Int: 21    God:    Vehumet [......]
Gold:   0          SH:  0    Dex: 15    Spells: 14/20 levels left

rFire    . . .     SeeInvis .   (no weapon)
rCold    . . .     Faith    .   (no shield)
rNeg     . . .     Spirit   .   c - +0 robe
rPois    .         Reflect  .   (no helmet)
rElec    .         Harm     .   m - +0 cloak
rCorr    .         Rampage  .   (no gloves)
MR       .....     NoTele   +   n - +0 pair of boots
Stlth    +++.......             (no amulet)
HPRegen  0.09/turn              o - +2 ring of protection
MPRegen  0.15/turn              p - +3 ring of strength

@: no status effects
A: no striking features
a: Renounce Religion


You were in the Dungeon.
You worshipped Vehumet.
Vehumet was noncommittal.
You visited 1 branch

Inventory:

Missiles
 b - 14 stones (quivered)
Armour
 c - a +0 robe (worn)
 m - a +0 cloak (worn)
 n - a +0 pair of boots (worn)
Jewellery
 o - a +2 ring of protection (left hand)
 p - a +3 ring of strength (right hand)
Wands
 l - a wand of iceblast (9)
Scrolls
 i - 2 scrolls of blinking
 j - 3 scrolls of remove curse
 k - 2 scrolls of amnesia
Potions
 a - a potion of invisibility
 d - 5 potions of curing
 e - 3 potions of heal wounds
 f - a potion of haste
 g - 4 potions of magic
 h - a potion of berserk rage


   Skills:
 + Level 4.9 Dodging
 + Level 4.3 Stealth
 + Level 8.0 Spellcasting
 + Level 1.1 Transmutations
 + Level 8.7 Earth Magic


You had 14 spell levels left.
You knew the following spells:

 Your Spells              Type           Power        Failure   Level
a - Sandblast             Erth           #####.       1%          1
b - Passwall              Tmut/Erth      ####....     1%          2
c - Stone Arrow           Conj/Erth      ####..       4%          3

Your spell library contained the following spells:

 Spells                   Type           Power        Failure   Level
 Lee's Rapid Deconstruct  Erth           #####.....   6%          5
 Petrify                  Tmut/Erth      ####....     11%         4


Dungeon Overview and Level Annotations

Branches:
Dungeon (1/1)

Altars:
Cheibriados
Dithmenos
Elyvilon
Fedhas
Gozag
Hepliaklqana
Kikubaaqudgha
Makhleb
Nemelex Xobeh
Okawaru
Qazlal
Ru
Sif Muna
Trog
Uskayaw
Vehumet
Wu Jian
Xom
Yredelemnul
Zin
The Shining One
Beogh
Jiyva
Lugonu


Message History

Aiming: Sandblast (safe; 1% risk of failure)
Press: ? - help, Shift-Dir - straight line, f/p - worker ant
Aim: a worker ant (moderately wounded)
The blast of sand hits the worker ant!!
You kill the worker ant!
Vehumet accepts your kill.
Your Spellcasting skill increases to level 8!
You have reached level 5!
b - 14 stones
Casting: Sandblast (safe; 1% risk of failure)
Confirm with . or Enter, or press ? or * to list all spells.
Aiming: Stone Arrow (dangerous; 4% risk of failure)
Press: ? - help, Shift-Dir - straight line, f - two-headed ogre
Aim: a two-headed ogre, wielding two +0 giant clubs (moderately wounded)
The stone arrow hits the two-headed ogre!
The two-headed ogre is heavily wounded.
The two-headed ogre hits you with a cursed +0 giant club!
The two-headed ogre hits you with a +0 giant club!!
Ouch! That really hurt!
You die...

▓.▓
▓.▓
▓)▓
▓.▓
▓.▓
▓.▓
▓[▓
▓.▓
▓@▓
▓O▓
▓Y▓
▓.▓
▓.▓
▓V▓
▓y▓
▓c▓


You could see a two-headed ogre, a vampire, a sky beast, a centaur and a killer
bee.

Vanquished Creatures
  An ogre (D)
  2 worker ants (D)
  An adder (D)
  An ooze (D)
  A dart slug (D)
  2 giant cockroaches (D)
  2 goblins (D)
  A kobold (D)
11 creatures vanquished.

Notes
Turn   | Place    | Note
-------+----------+-------------------------------------------
     0 | D        | mhtbhm the Deep Elf Earth Elementalist began the quest for
                  | the Orb.
     0 | D        | Reached XP level 1. HP: 10/10 MP: 6/6
    56 | D        | Reached XP level 2. HP: 15/15 MP: 5/8
    61 | D        | Learned a level 2 spell: Passwall
    98 | D        | Noticed an ogre
   101 | D        | Killed an ogre
   101 | D        | Reached XP level 3. HP: 15/19 MP: 5/13
   101 | D        | Reached XP level 4. HP: 19/24 MP: 5/14
   164 | D        | Learned a level 3 spell: Stone Arrow
   210 | D        | Found a roughly hewn altar of Beogh.
   210 | D        | Found a snail-covered altar of Cheibriados.
   210 | D        | Found a shadowy altar of Dithmenos.
   210 | D        | Found a white marble altar of Elyvilon.
   210 | D        | Found a blossoming altar of Fedhas.
   210 | D        | Found an opulent altar of Gozag.
   211 | D        | Found a hazy altar of Hepliaklqana.
   212 | D        | Found a viscous altar of Jiyva.
   213 | D        | Found an ancient bone altar of Kikubaaqudgha.
   214 | D        | Found a corrupted altar of Lugonu.
   215 | D        | Found a burning altar of Makhleb.
   216 | D        | Found a sparkling altar of Nemelex Xobeh.
   217 | D        | Found an iron altar of Okawaru.
   218 | D        | Found a stormy altar of Qazlal.
   219 | D        | Found a sacrificial altar of Ru.
   220 | D        | Found a shimmering blue altar of Sif Muna.
   221 | D        | Found a bloodstained altar of Trog.
   222 | D        | Found a hide-covered altar of Uskayaw.
   223 | D        | Found a radiant altar of Vehumet.
   224 | D        | Found an ornate altar of the Wu Jian Council.
   225 | D        | Found a shimmering altar of Xom.
   226 | D        | Found a basalt altar of Yredelemnul.
   227 | D        | Found a glowing silver altar of Zin.
   228 | D        | Found a glowing golden altar of the Shining One.
   231 | D        | Became a worshipper of Vehumet
   271 | D        | Noticed a two-headed ogre
   271 | D        | Noticed a sky beast
   271 | D        | Noticed a vampire
   271 | D        | Noticed a centaur
   273 | D        | Reached XP level 5. HP: 28/28 MP: 14/17
   274 | D        | Slain by a two-headed ogre

Illustrated notes

Levels and vault maps discovered:
D:        linesprint [early_d, line_temple, items_1, d_10, items_2, lair_1,
          lair_end, items_3, orc_1, orc_end, items_4, d_15, swamp_1, shoals_1,
          snake_1, spider_1, d_20, vaults_1, items_5, swamp_end, shoals_end,
          snake_end, spider_end, vaults_end, d_27, items_6, zot_1, zot_end,
          crypt_end, forest_end, elf_end, slime_end, tomb_end, abyss_end,
          pan_hell_end]

Skill      XL: |  1  2  3  4 |
---------------+-------------+-----
Earth Magic    | 4 7 8 |  8.7
Dodging        | 3 4 |  4.9
Stealth        | 3 4 |  4.3
Spellcasting   | 6 8 |  8.0
Transmutations | |  1.1

Action                   |  1- 3 |  4- 6 || total
-------------------------+-------+-------++-------
 Cast: Sandblast         |     9 |     7 ||    16
       Stone Arrow       |       |     1 ||     1
Evoke: Wand              |       |     1 ||     1
Armor: Robe              |     1 |       ||     1
Dodge: Dodged            |     2 |     1 ||     3

Table legend: (Time is in decaauts)
 A = Elapsed time spent in this place.
 B = Non-inter-level travel time spent in this place.
 C = Inter-level travel time spent in this place.
 D = Time resting spent in this place.
 E = Time spent auto-exploring this place.
 F = Levels seen in this place.
 G = Mean time per level.
                   A        B        C        D        E       F      G
               +--------+--------+--------+--------+--------+-----+--------+
         Total |    273 |    273 |      0 |    166 |      3 |   1 |  273.0 |
       Dungeon |    273 |    273 |      0 |    166 |      3 |   1 |  273.0 |
               +--------+--------+--------+--------+--------+-----+--------+

Top non-repeatable levels by time:
       D: 273 daAuts
